 Dungeon Crawl Stone Soup version 0.20-a0-1109-ge3cd172 (webtiles) character file.

172 Croanthos the Chopper (level 5, -5/47 HPs)
             Began as a Hill Orc Fighter on May 5, 2017.
             Slain by an ogre
             ... wielding a +0 giant club
              (18 damage)
             ... on level 4 of the Dungeon.
             The game lasted 00:38:32 (2896 turns).

Croanthos the Chopper (Hill Orc Fighter)            Turns: 2896, Time: 00:38:33

Health: -5/47      AC:  6    Str: 20    XL:     5   Next: 52%
Magic:  5/5        EV:  7    Int:  8    God:
Gold:   195        SH:  8    Dex: 10    Spells: 4/4 levels left

rFire    . . .     SeeInvis .   a - +0 war axe
rCold    + . .     Gourm    .   c - +0 shield
rNeg     . . .     Faith    .   b - +0 scale mail
rPois    .         Spirit   .   (no helmet)
rElec    .         Reflect  .   (no cloak)
rCorr    .         Harm     .   (no gloves)
MR       .....                  (no boots)
Stlth    ..........             (no amulet)
Regen    0.2/turn               e - ring of protection from cold
MPRegen  0.1/turn               (no ring)

@: heavily drained
A: no striking features
a: no special abilities


You were on level 4 of the Dungeon.
You were hungry.

You visited 1 branch of the dungeon, and saw 4 of its levels.

You collected 195 gold pieces.

Inventory:

Hand Weapons
 a - a +0 war axe (weapon)
 h - a cursed +0 dagger
 j - a +0 whip
 p - a +0 whip
 q - a +0 dagger
 t - a +0 short sword
 D - a cursed -1 dagger
 G - a +0 dagger of draining
 I - a +1 short sword of electrocution
Missiles
 m - 12 bolts
Armour
 b - a +0 scale mail (worn)
 c - a +0 shield (worn)
 l - a +0 plate armour
 o - a cursed -1 scale mail
 r - a +0 leather armour
 v - a +0 chain mail
 E - a +0 pair of gloves
 F - a +0 ring mail
 H - a +0 leather armour
Magical Staves
 A - an uncursed staff of conjuration {unknown}
Jewellery
 e - a ring of protection from cold (left hand)
 s - an uncursed ring of wizardry {unknown}
 u - an uncursed ring of poison resistance {unknown}
 y - an uncursed amulet of faith {unknown}
Scrolls
 i - 4 scrolls of identify {unknown}
 k - 2 scrolls of enchant armour {unknown}
 w - a scroll of fear {unknown}
 B - a scroll of enchant weapon {unknown}
 C - a scroll of fog {unknown}
Potions
 d - 2 potions of might
 g - 6 potions of curing {unknown}
 n - 3 potions of brilliance {unknown}
Comestibles
 f - 2 bread rations
 x - 2 royal jellies
 z - a meat ration


   Skills:
 + Level 4.4(3.1) Fighting
 + Level 4.7(3.3) Axes
 + Level 4.1(2.8) Armour
 + Level 1.0(0.0) Dodging
 + Level 0.3(0.0) Stealth
 + Level 4.0(2.7) Shields


You had 4 spell levels left.
You didn't know any spells.

Dungeon Overview and Level Annotations

Branches:
Dungeon (4/15)
 Temple: D:4-7

Altars:
Makhleb


Message History

The floor.
The ogre barely misses you.
You hit the ogre but do no damage. The ogre hits you with a giant club!!
You hit the ogre.
The ogre is lightly wounded.
The ogre hits you with a giant club.
Your shield prevents you from hitting the ogre.
The ogre is lightly wounded.
The ogre barely misses you.
You hit the ogre.
The ogre is moderately wounded.
The ogre closely misses you.
You barely miss the ogre.
The ogre is moderately wounded.
The ogre hits you with a giant club!
* * * LOW HITPOINT WARNING * * *
You block the ogre's attack.
You see here a tomahawk.
The ogre hits you with a giant club!!
You die...

#.##..####.........#
.................[#
##.#....#.#.#.....####
#.#.#..###.#...))(..#
#....$.....#......#.#
#.... ..####......# #
#...##.# #.(((.>.#
#......###..O...##
###..##......@....#
#....<..###.......#
###.....†.#.......#
..........#..######
.............#
.##########.##
#.....##.# #.###.##.#
## #.# #....#


You could see an ogre.

Vanquished Creatures
  2 orc wizards (D:4)
  7 adders
  An ooze (D:1)
  3 worms
  3 orcs
  A ball python (D:1)
  3 giant cockroaches
  3 goblins
  4 hobgoblins
  3 quokkas (D:2)
  7 bats
  4 frilled lizards
  5 kobolds (D:1)
  3 rats
49 creatures vanquished.

Notes
Turn   | Place    | Note
-------+----------+-------------------------------------------
     0 | D:1      | Croanthos the Hill Orc Fighter began the quest for the Orb.
     0 | D:1      | Reached XP level 1. HP: 19/19 MP: 1/1
   364 | D:1      | Reached XP level 2. HP: 22/27 MP: 2/2
   889 | D:2      | Reached XP level 3. HP: 19/33 MP: 3/3
  1299 | D:2      | You fall through a shaft!
  1541 | D:3      | Found a burning altar of Makhleb.
  1636 | D:3      | Reached XP level 4. HP: 29/40 MP: 4/4
  2470 | D:2      | Reached skill level 1 in Dodging
  2769 | D:4      | Reached XP level 5. HP: 47/47 MP: 5/5
  2867 | D:4      | Noticed an ogre
  2896 | D:4      | Slain by an ogre

Vault maps used:
D:1:      scummos_arrival_gate
D:2:      first_bread
D:3:      overflow_temple_1_default, minmay_cut_off
D:4:      st_stairs_6

Skill      XL: |  1  2  3  4 |
---------------+-------------+-----
Fighting       | 4 |  4.4
Axes           | 3 4 |  4.7
Shields        | 4 |  4.0
Armour         | 4 |  4.1
Dodging        | 1 |  1.0
Stealth        | |  0.3

Action                   |  1- 3 |  4- 6 || total
-------------------------+-------+-------++-------
Melee: War axe           |   100 |   102 ||   202
  Eat: Chunk             |     2 |     4 ||     6
Armor: Scale mail        |    62 |    40 ||   102
Dodge: Dodged            |    28 |    31 ||    59
Block: Shield            |    51 |    58 ||   109
